 Dungeon Sprint DCSS version 0.30-a0-1161-g0704695555 (webtiles) character file.

Game seed: 15607902677864269164

537 rocky1 the Zephyrmancer (level 7, -3/36 HPs)
             Began as a Deep Elf Air Elementalist on Apr 28, 2023.
             Was an Elder of Sif Muna.
             Slain by an iron imp (10 damage)
             ... in the Dungeon (Sprint VII: "The Pits").
             The game lasted 00:02:55 (1617 turns).

rocky1 the Zephyrmancer (Deep Elf Air Elementalist) Turns: 1617, Time: 00:02:56

Health: -3/36      AC:  2    Str:  5    XL:     7   Next: 5%
Magic:  15/21      EV: 12    Int: 22    God:    Sif Muna [****..]
Gold:   0          SH:  0    Dex: 15    Spells: 14/24 levels left

rFire   . . .        k - +2 quarterstaff (protect)
rCold   . . .        (shield currently unavailable)
rNeg    . . .        a - +0 robe
rPois   .            (no helmet)
rElec   .            (no cloak)
rCorr   .            (no gloves)
SInv    .            (no boots)
Will    .....        (no amulet)
Stlth   ++           (no ring)
HPRegen 0.26/turn    (no ring)
MPRegen 0.17/turn

%: no teleportation
@: no status effects
A: no striking features
a: Renounce Religion, Channel Magic, Forget Spell, Divine Exegesis


You were in the Dungeon.
You worshipped Sif Muna.
Sif Muna was greatly pleased with you.
You visited 1 branch

Inventory:

Hand Weapons
 k - a +2 quarterstaff of protection (weapon)
Armour
 a - a +0 robe (worn)
Scrolls
 g - a scroll of blinking
 i - 5 scrolls of amnesia
 j - a scroll of summoning
Potions
 b - 4 potions of magic
 c - 6 potions of curing
 d - 3 potions of heal wounds
 e - a potion of haste
 f - 3 potions of berserk rage
 h - 2 potions of invisibility


   Skills:
 - Level 2.4 Dodging
 - Level 2.4 Stealth
 + Level 9.3 Spellcasting
 + Level 7.5 Conjurations
 * Level 10.1 Air Magic
 + Level 7.2 Invocations


You had 14 spell levels left.
You knew the following spells:

 Your Spells              Type           Power      Damage    Failure   Level
a - Shock                 Conj/Air       100%       1d9       1%          1
b - Static Discharge      Conj/Air       98%        2-7/arc   1%          2
c - Swiftness             Air            53%        N/A       1%          3
d - Airstrike             Air            26%        2d(4-20)  1%          4

Your spell library contained the following spells:

 Spells                   Type           Power      Damage    Failure   Level


Dungeon Overview and Level Annotations

Branches:
Dungeon (1/1)

Altars:
Ashenzari
Cheibriados
Dithmenos
Elyvilon
Fedhas
Gozag
Hepliaklqana
Kikubaaqudgha
Makhleb
Nemelex Xobeh
Okawaru
Qazlal
Ru
Sif Muna
Trog
Uskayaw
Vehumet
Wu Jian
Xom
Yredelemnul
Zin
The Shining One
Jiyva
Lugonu

Annotations:
D Blork the orc


Message History

The iron imp resists.
The iron imp is lightly wounded.
The zap hits Blork the orc!
Blork the orc is severely wounded.
You have reached level 7!
Aiming: Shock (safe; 1% risk of failure)
Press: ? - help, Q - select action, (/) - cycle Shift-Dir - straight line, f - iron imp
Aim: an iron imp (lightly wounded, 81% to hit)
The zap hits the iron imp.
The iron imp resists.
The iron imp is moderately wounded.
The zap misses Blork the orc.
Blork the orc barely misses you.
Aiming: Shock (safe; 1% risk of failure)
Press: ? - help, Q - select action, (/) - cycle Shift-Dir - straight line, f/p - iron imp
Aim: an iron imp (moderately wounded, 81% to hit)
The zap hits the iron imp.
The iron imp resists.
The iron imp is moderately wounded.
The zap misses Blork the orc.
Blork the orc barely misses you. The iron imp barely misses you.
Blork the orc hits you from afar with a +0 halberd!
* * * LOW HITPOINT WARNING * * *
Aiming: Shock (safe; 1% risk of failure)
Press: ? - help, Q - select action, (/) - cycle Shift-Dir - straight line, f/p - iron imp
Aim: an iron imp (moderately wounded, 81% to hit)
The zap hits the iron imp.
The iron imp resists.
The iron imp is heavily wounded.
The zap hits Blork the orc.
Blork the orc is severely wounded.
The iron imp hits you.
* * * LOW HITPOINT WARNING * * *
Blork the orc hits you from afar with a +0 halberd.
* * * LOW HITPOINT WARNING * * *
Unknown command.
You feel much better.
Blork the orc screams, "I'll rip your head off!"
Blork the orc hits you from afar with a +0 halberd!!
Ouch! That really hurt!
* * * LOW HITPOINT WARNING * * *
The iron imp hits you!
You die...

#.#####'#####...<...#
#.#..[)))..##.......#
#.#..[))...##.......#
#รท###########.......#
#.......#.. #########
#..###..#.#
#.......#o#
##.###.##5#
#.......#@+
#..###..#'#
#.......'.#
###########


You could see Blork the orc (fast) and an iron imp.

Vanquished Creatures
  Prince Ribbit (D)
  A floating eye (D)
  A black bear (D)
  2 jellies (D)
  An iguana (D)
  A hell rat (D)
  An adder (D)
  2 river rats (D)
  2 ufetubi (D)
  An orc (D)
  A bat (D)
  2 giant cockroaches (D)
  A hobgoblin (D)
  A quokka (D)
  A frilled lizard (D)
  A rat (D)
20 creatures vanquished.

Notes
Turn   | Place    | Note
-------+----------+-------------------------------------------
     0 | D        | rocky1 the Deep Elf Air Elementalist began the quest for
                  | the Orb.
     0 | D        | Reached XP level 1. HP: 10/10 MP: 6/6
    25 | D        | Found a bloodstained altar of Trog.
    25 | D        | Found a shimmering blue altar of Sif Muna.
    25 | D        | Found a viscous altar of Jiyva.
    25 | D        | Found a hazy altar of Hepliaklqana.
    25 | D        | Found an opulent altar of Gozag.
    62 | D        | Found a glowing golden altar of the Shining One.
    62 | D        | Found a glowing silver altar of Zin.
    62 | D        | Found a basalt altar of Yredelemnul.
    62 | D        | Found a shimmering altar of Xom.
    62 | D        | Found an ornate altar of the Wu Jian Council.
    62 | D        | Found a sacrificial altar of Ru.
    62 | D        | Found a stormy altar of Qazlal.
    62 | D        | Found an iron altar of Okawaru.
    62 | D        | Found a sparkling altar of Nemelex Xobeh.
    62 | D        | Found a burning altar of Makhleb.
    62 | D        | Found a blossoming altar of Fedhas.
    62 | D        | Found a white marble altar of Elyvilon.
    62 | D        | Found a shadowy altar of Dithmenos.
    62 | D        | Found a snail-covered altar of Cheibriados.
    65 | D        | Found a corrupted altar of Lugonu.
    65 | D        | Found a radiant altar of Vehumet.
    66 | D        | Found an ancient bone altar of Kikubaaqudgha.
    66 | D        | Found a hide-covered altar of Uskayaw.
    66 | D        | Found a broken altar of Ashenzari.
    67 | D        | Became a worshipper of Sif Muna the Loreminder
   102 | D        | Reached skill level 1 in Invocations
   147 | D        | Reached skill level 4 in Air Magic
   147 | D        | Reached XP level 2. HP: 10/15 MP: 3/9
   147 | D        | Reached * piety under Sif Muna
   315 | D        | Reached skill level 5 in Air Magic
   315 | D        | Reached XP level 3. HP: 19/19 MP: 3/11
   480 | D        | Reached ** piety under Sif Muna
   480 | D        | Noticed a floating eye
   483 | D        | Killed a floating eye
   484 | D        | Reached skill level 5 in Conjurations
   484 | D        | Reached skill level 6 in Air Magic
   484 | D        | Reached XP level 4. HP: 19/24 MP: 8/14
   485 | D        | Reached XP level 5. HP: 22/28 MP: 7/15
   486 | D        | Reached skill level 7 in Air Magic
   681 | D        | Learned a level 2 spell: Static Discharge
   685 | D        | Learned a level 3 spell: Swiftness
   690 | D        | Learned a level 4 spell: Airstrike
   801 | D        | Reached *** piety under Sif Muna
   814 | D        | Noticed a black bear
   816 | D        | Noticed Prince Ribbit
   823 | D        | Killed a black bear
   824 | D        | Reached skill level 8 in Air Magic
   824 | D        | Reached skill level 5 in Invocations
   839 | D        | Killed Prince Ribbit
   839 | D        | Reached **** piety under Sif Muna
   840 | D        | Reached skill level 9 in Air Magic
   840 | D        | Reached XP level 6. HP: 8/32 MP: 8/19
  1514 | D        | Reached skill level 10 in Air Magic
  1610 | D        | Noticed Blork the orc
  1614 | D        | Reached XP level 7. HP: 23/36 MP: 17/21
  1617 | D        | Slain by an iron imp

Illustrated notes

Levels and vault maps discovered:
D:        pitsprint [storerooms_1, entrance_room_1, metal_vault_8, armoury_1,
          mini_pit_1, grid_room_1, main_hall_1, silver_pit, the_coven_1,
          the_vestibule_1, steel_vault_4, golden_pit, hallway_of_sentries,
          crystal_vault_4, iron_vault_3, final_vault]

Skill      XL: |  1  2  3  4  5  6 |
---------------+-------------------+-----
Conjurations   | 2 3 5 7 |  7.5
Invocations    | 1 2 4 6 7 |  7.2
Spellcasting   | 4 6 8 9 |  9.3
Air Magic      | 4 5 6 9 10 | 10.1
Dodging        | |  2.4
Stealth        | |  2.4

Action                     |  1- 3 |  4- 6 |  7- 9 || total
---------------------------+-------+-------+-------++-------
  Melee: Quarterstaff      |       |     5 |       ||     5
   Cast: Shock             |    22 |    31 |     3 ||    56
         Static Discharge  |       |     2 |       ||     2
         Airstrike         |       |     7 |       ||     7
    Use: Potion            |       |     3 |     1 ||     4
 Armour: Robe              |     1 |     3 |       ||     4
  Dodge: Dodged            |    13 |    15 |     3 ||    31

Table legend: (Time is in decaauts)
 A = Elapsed time spent in this place.
 B = Non-inter-level travel time spent in this place.
 C = Inter-level travel time spent in this place.
 D = Time resting spent in this place.
 E = Time spent auto-exploring this place.
 F = Levels seen in this place.
 G = Mean time per level.
                   A        B        C        D        E       F      G
               +--------+--------+--------+--------+--------+-----+--------+
         Total |   1618 |   1604 |     14 |   1386 |      0 |   1 | 1618.0 |
       Dungeon |   1618 |   1604 |     14 |   1386 |      0 |   1 | 1618.0 |
               +--------+--------+--------+--------+--------+-----+--------+

Top non-repeatable levels by time:
       D: 1618 daAuts
